 Dungeon Crawl Stone Soup version 0.23-a0-338-g8ff0b24 (webtiles) character file.

2877 Ijustatesigmund the Conjurer (level 9, 0/56 HPs)
             Began as an Octopode Wizard on Oct 18, 2018.
             Killed by divine providence
             ... invoked by an orc priest
              (12 damage)
             ... on level 8 of the Dungeon.
             The game lasted 00:24:32 (13824 turns).

Ijustatesigmund the Conjurer (Octopode Wizard)     Turns: 13824, Time: 00:24:33

Health: 0/56       AC:  1    Str:  7    XL:     9   Next: 76%
Magic:  20/27      EV: 14    Int: 20    God:
Gold:   94         SH:  0    Dex: 13    Spells: 14/20 levels left

rFire    . . .     SeeInvis .   b - +5 hand crossbow (flame)
rCold    . . .     Gourm    .   (no shield)
rNeg     . . .     Faith    .   a - +0 hat
rPois    .         Spirit   .   (no amulet)
rElec    .         Reflect  .   p - ring of magical power
rCorr    .         Harm     .   (no ring)
MR       .....                  (no ring)
Stlth    ++++......             (no ring)
HPRegen  0.18/turn              (no ring)
MPRegen  0.20/turn              (no ring)
                                (no ring)
                                (no ring)

@: lethally poisoned (0 -> -4)
A: almost no armour, stealthy swim, amphibious, 8 rings, constrict 8, camouflage
1, gelatinous body 1
a: no special abilities


You were on level 8 of the Dungeon.
You were not hungry.

You visited 1 branch of the dungeon, and saw 8 of its levels.

You collected 526 gold pieces.
You spent 432 gold pieces at shops.

Inventory:

Hand Weapons
 b - a +5 hand crossbow of flaming (weapon)
 d - a +3 dagger of venom
Missiles
 e - 8 javelins
 u - 5 bolts (quivered)
Armour
 a - a +0 hat (worn)
 t - a +0 shield
Jewellery
 n - an uncursed ring of protection from cold
 p - a ring of magical power (left tentacle)
Wands
 g - a wand of iceblast (4)
 r - a wand of random effects (23)
Scrolls
 h - 3 scrolls of amnesia
 i - 4 scrolls of teleportation
 k - a scroll of fear
 l - 2 scrolls of identify
 q - 2 scrolls of remove curse
 s - a scroll of fog
Potions
 c - 2 potions of flight
 f - a potion of agility
 j - a potion of cancellation
 m - a potion of lignification
 v - a potion of might
Comestibles
 o - 8 rations


   Skills:
 - Level 3.1 Fighting
 - Level 3.0 Short Blades
 - Level 4.0 Crossbows
 + Level 3.2 Dodging
 + Level 4.6 Stealth
 - Level 6.2 Spellcasting
 - Level 6.5 Conjurations
   Level 1.0 Summonings
 - Level 3.6 Translocations
 - Level 3.3 Air Magic
 - Level 3.7 Poison Magic


You had 14 spell levels left.
You knew the following spells:

 Your Spells              Type           Power        Failure   Level  Hunger
a - Magic Dart            Conj           ####         1%          1    None
b - Blink                 Tloc           N/A          3%          2    None
c - Mephitic Cloud        Conj/Pois/Air  ###.....     4%          3    ##.....

Your spell library contained the following spells:

 Spells                   Type           Power        Failure   Level  Hunger
 Shock                    Conj/Air       ####         1%          1    None
 Conjure Flame            Conj/Fire      ###.....     8%          3    ##.....
 Beastly Appendage        Tmut           #.....       11%         1    None
 Call Imp                 Summ           ##......     11%         2    None
 Spider Form              Tmut/Pois      ##........   14%         3    ##.....
 Slow                     Hex            #.......     16%         2    None
 Sticks to Snakes         Tmut           #.......     16%         2    None
 Ice Form                 Ice/Tmut       #.......     71%         4    ####...
 Blade Hands              Tmut           #.........   96%         5    #####..


Dungeon Overview and Level Annotations

Branches:
Dungeon (8/15)             Temple (0/1) D:7
   Lair: D:8-11

Altars:
Ashenzari
Gozag
Nemelex Xobeh
Okawaru
Sif Muna
Trog
Uskayaw
Yredelemnul
The Shining One

Shops:
D:4 }   D:6 (


Innate Abilities, Weirdness & Mutations

You cannot wear most types of armour.
You are very stealthy in the water. (Stealth+)
You are amphibious.
You can wear up to eight rings at the same time.
You can use your tentacles to constrict eight enemies at once.
Your skin changes colour to match your surroundings (Stealth+).
Your rubbery body absorbs attacks. (AC +1, EV +1)


Message History

Casting: Blink (safe; 3% risk of failure)
Confirm with . or Enter, or press ? or * to list all spells.
Aiming: Mephitic Cloud (safe; 4% risk of failure)
Press: ? - help, Shift-Dir - straight line, f - orc
Aim: an orc, wielding a +0 whip (hasn't noticed you)
The ball explodes into a vile cloud!
The stinking cloud engulfs the orc.
The orc shouts!
The stinking cloud engulfs the orc wizard.
The stinking cloud engulfs the orc priest.
The orc is engulfed in noxious fumes.
The orc appears confused.
The orc priest calls upon Beogh to heal the orc.
The orc's wounds heal themselves!
The orc wizard mumbles some strange words.
The orc wizard blinks!
A crimson imp comes into view.
You feel sick.
The orc is engulfed in noxious fumes.
The orc appears confused.
The orc barely misses the orc priest.
The orc priest invokes the aid of Beogh against you.
Beogh smites you!
You die...

#....# ##
#...(........
###### <
...........#.#
.#...o.....#....
...........###...
##..oo...... ... #
##.§oo....## ...
###.#..§§§.#
#........#.....$...
#...##@.##.........
...5....##
......... ......###
#....>... .#....
#....$... #...
#....>... #...
#Z....... ###
#<..y...y #(.......
#########


You could see an orc priest, an orc wizard, a crimson imp (wandering) and 3
orcs.

Vanquished Creatures
  A hippogriff (D:7)
  A spriggan (D:7)
  A wyvern (D:8)
  2 hungry ghosts
  An ice beast (D:7)
  2 sky beasts
  A necrophage (D:7)
  3 ogres
  2 bullfrogs
  A gnoll sergeant (D:6)
  A water moccasin zombie (D:6)
  A water moccasin skeleton (D:7)
  2 scorpions (D:6)
  5 killer bees
  3 crimson imps
  A quasit (D:5)
  A gnoll shaman (D:5)
  3 orc priests
  5 orc wizards
  2 iguanas (D:7)
  Jessica (D:3)
  2 worker ants
  2 hound skeletons
  16 gnolls
  10 adders
  An ooze (D:1)
  2 adder skeletons
  An adder zombie (D:5)
  3 worms
  5 dart slugs
  4 leopard geckos
  11 orcs
  8 giant cockroaches
  11 goblins
  9 hobgoblins
  2 jackals (D:1)
  6 kobolds
  7 quokkas
  2 ball pythons
  13 bats
  5 frilled lizards
  A quokka skeleton (D:7)
  4 rats
  A spectral orc (D:5)
166 creatures vanquished.

Vanquished Creatures (collateral kills)
  A killer bee (D:6)
1 creature vanquished.

Vanquished Creatures (others)
  4 toadstools (D:1)
4 creatures vanquished.

Grand Total: 171 creatures vanquished

Notes
Turn   | Place    | Note
-------+----------+-------------------------------------------
     0 | D:1      | Ijustatesigmund the Octopode Wizard began the quest for the
                  | Orb.
     0 | D:1      | Reached XP level 1. HP: 11/11 MP: 4/4
   291 | D:1      | Reached XP level 2. HP: 17/17 MP: 3/6
   295 | D:1      | Learned a level 2 spell: Blink
  1181 | D:1      | Reached XP level 3. HP: 10/21 MP: 0/7
  1434 | D:1      | Learned a level 3 spell: Mephitic Cloud
  2041 | D:2      | Found a shattered altar of Ashenzari.
  2077 | D:2      | Reached skill level 1 in Air Magic
  2180 | D:2      | Reached skill level 1 in Poison Magic
  2180 | D:2      | Reached XP level 4. HP: 27/27 MP: 6/8
  3045 | D:2      | Found a bloodstained altar of Trog.
  3675 | D:3      | Reached XP level 5. HP: 31/31 MP: 3/9
  5167 | D:3      | Noticed Jessica
  5168 | D:3      | Reached XP level 6. HP: 36/36 MP: 2/10
  5433 | D:3      | Killed Jessica
  5943 | D:3      | Found an iron altar of Okawaru.
  6022 | D:4      | Found Refum's Gadget Boutique.
  6031 | D:4      | Found a deep blue altar of Sif Muna.
  6305 | D:4      | Reached skill level 1 in Short Blades
  6937 | D:4      | Found a deep blue altar of Sif Muna.
  6946 | D:4      | Reached XP level 7. HP: 36/41 MP: 3/11
  7017 | D:4      | Identified Sif Muna's Guide on Flight
  7645 | D:4      | HP: 1/41 [ogre/+0 giant club (22)]
  7987 | D:5      | Entered Level 5 of the Dungeon
  8067 | D:5      | Noticed a dagger
  8070 | D:5      | Noticed a dagger
  8073 | D:5      | Found a hide-covered altar of Uskayaw.
  8689 | D:5      | Found a basalt altar of Yredelemnul.
  8721 | D:5      | Reached skill level 1 in Fighting
  9135 | D:5      | Reached XP level 8. HP: 48/48 MP: 14/14
  9384 | D:5      | Found a sparkling altar of Nemelex Xobeh.
 10754 | D:6      | Found an opulent altar of Gozag.
 10953 | D:6      | Found Numompuw's Weapon Shop.
 10972 | D:6      | Bought a +5 hand crossbow of flaming for 432 gold pieces
 11417 | D:7      | Found a staircase to the Ecumenical Temple.
 11419 | D:7      | Noticed a hippogriff
 11424 | D:6      | Reached skill level 5 in Conjurations
 11437 | D:6      | Reached skill level 5 in Spellcasting
 11460 | D:6      | Reached skill level 1 in Crossbows
 11923 | D:7      | Killed a hippogriff
 11923 | D:7      | Reached XP level 9. HP: 15/56 MP: 17/17
 13775 | D:8      | Found a glowing golden altar of the Shining One.
 13824 | D:8      | Killed from afar by an orc priest

Vault maps used:
D:1:      erik_arrival_blinker_ship, minivault_11, minmay_gold_behind_fungi
D:2:      nicolae_ashenzari_panopticon, lemuel_doored_altar
D:3:      okawaru_altar_gauntlet_db, uniq_jessica
D:4:      lemuel_crystal_altar, first_ration, serial_shops, shop_coins,
          grunt_ministairs_15, led_sif_book
D:5:      kennysheep_mini_moat, yredelemnul_forgotten_temple_becter,
          dancing_weapons_uskayaw, hangedman_decor_riveting
D:6:      nicolae_gozag_seed_capital, serial_shops, shop_fountains,
          dk_noncrumbling_4
D:7:      minmay_temple_entry_crystal_x, the_bakery
D:8:      tso_altar

Skill      XL: |  1  2  3  4  5  6  7  8  9 |
---------------+----------------------------+-----
Conjurations   | 2 3 5 6 |  6.5
Translocations | 2 3 |  3.6
Air Magic      | 1 2 3 |  3.3
Poison Magic   | 1 2 3 |  3.7
Short Blades   | 1 3 |  3.0
Fighting       | 1 3 |  3.1
Spellcasting   | 4 5 6 |  6.2
Crossbows      | 2 4 |  4.0
Stealth        | 4 |  4.6
Dodging        | 3 |  3.2
Summonings     | |  1.0

Action                   |  1- 3 |  4- 6 |  7- 9 || total
-------------------------+-------+-------+-------++-------
Melee: Unarmed           |     3 |       |       ||     3
       Constrict         |     9 |    10 |    17 ||    36
       Tentacles         |     6 |     5 |    19 ||    30
       Dagger            |    28 |    50 |   137 ||   215
 Fire: Hand crossbow     |       |       |    68 ||    68
Throw: Javelin           |     1 |     7 |    10 ||    18
 Cast: Magic Dart        |    55 |   187 |   122 ||   364
       Mephitic Cloud    |       |     2 |    10 ||    12
       Blink             |       |       |    13 ||    13
Evoke: Wand              |       |       |     2 ||     2
  Use: Scroll            |     8 |     3 |     6 ||    17
       Potion            |       |     1 |     3 ||     4
 Stab: Sleeping          |       |     1 |     5 ||     6
       Confused          |       |     1 |     2 ||     3
       Distracted        |       |     1 |     1 ||     2
  Eat: Chunk             |     4 |    10 |     8 ||    22
       Ration            |       |     1 |     6 ||     7
Armor: Skin              |     5 |     4 |     7 ||    16
Dodge: Dodged            |    25 |    74 |   118 ||   217

Table legend:
 A = Non-vault XP
 B = Vault XP
 C = Vault XP percentage of total XP
 D = Non-vault monster count
 E = Vault monster count
 F = Vault count percentage of total count
                 A         B        C        D         E       F
            +---------+---------+-------+---------+---------+-------
      Total |    3531 |     579 |  14.1 |     150 |      17 |  10.2
            +---------+---------+-------+---------+---------+-------
        D:1 |      59 |       0 |   0.0 |      27 |       0 |   0.0
        D:2 |     105 |       0 |   0.0 |      29 |       0 |   0.0
        D:3 |     136 |     101 |  42.6 |      25 |       7 |  21.9
        D:4 |     178 |     262 |  59.5 |       7 |       8 |  53.3
        D:5 |     490 |       1 |   0.2 |      14 |       1 |   6.7
        D:6 |     738 |       0 |   0.0 |      24 |       0 |   0.0
        D:7 |    1343 |     215 |  13.8 |      19 |       1 |   5.0
        D:8 |     482 |       0 |   0.0 |       5 |       0 |   0.0
            +---------+---------+-------+---------+---------+-------
